[Event "EUCC Open Blitz 2024"]
[Site "Miskolc"]
[Date "2024.07.13"]
[Round "1.1"]
[White "Manafov, Vugar"]
[Black "Veiga, Jose Francisco R P N"]
[Result "1-0"]
[ECO "A05"]
[WhiteElo "2430"]
[BlackElo "2385"]
[PlyCount "95"]
[EventDate "2024.07.08"]
[EventType "team-tourn"]
[EventCountry "HUN"]
[TimeControl "1500+10"]

1. Nf3 Nf6 2. g3 g6 3. b3 Bg7 4. Bb2 O-O 5. Bg2 c5 6. c4 Nc6 7. O-O d6 8. d4 cxd4 9. Nxd4 Bd7 10. Nc3 Qa5 11. e3 Rfc8 12. Rc1 Rab8 13. Qe2 a6 14. Rfd1 Bg4 15. Bf3 Qh5 16. Kg2 Qh3+ 17. Kg1 Ne5 18. Bxg4 Nfxg4 19. f3 Nf6 20. Nd5 Nxd5 21. cxd5 Rxc1 22. Rxc1 Rc8 23. Rc2 Qd7 24. Kg2 Rc7 25. Rxc7 Qxc7 26. Qc2 Qxc2+ 27. Nxc2 Nd3 28. Bxg7 Kxg7 29. f4 Nc1 30. Kf3 Nxa2 31. Ke4 Nc3+ 32. Kd4 Nb5+ 33. Kc4 Nc7 34. e4 e6 35. Ne3 exd5+ 36. Nxd5 Ne6 37. Nb6 f5 38. exf5 gxf5 39. Kd5 Nc5 40. b4 Nd3 41. Kxd6 Nxb4 42. Ke5 Kg6 43. Nc4 Nd3+ 44. Kd6 b5 45. Ne5+ Nxe5 46. fxe5 b4 47. e6 b3 48. e7 1-0

[Event "EUCC Open Blitz 2024"]
[Site "Miskolc"]
[Date "2024.07.13"]
[Round "1.2"]
[White "Ribeiro, Rodrigo"]
[Black "Atakishiyev, Elmar"]
[Result "0-1"]
[ECO "D82"]
[WhiteElo "2181"]
[BlackElo "2356"]
[PlyCount "60"]
[EventDate "2024.07.08"]
[EventType "team-tourn"]
[EventCountry "HUN"]
[TimeControl "1500+10"]

1. d4 Nf6 2. c4 g6 3. Nc3 d5 4. Bf4 Bg7 5. e3 c6 6. Bd3 O-O 7. h3 Be6 8. cxd5 Nxd5 9. Nge2 c5 10. dxc5 Qa5 11. O-O Qxc5 12. Nxd5 Qxd5 13. Qc2 Nc6 14. Nc3 Qa5 15. a3 Rac8 16. Rfc1 Rfd8 17. Be4 b5 18. Qe2 Bc4 19. Qf3 Ne5 20. Bxe5 Bxe5 21. b4 Qb6 22. Rab1 e6 23. Ne2 f5 24. Bc2 Ba2 25. Rf1 Rxc2 26. Rbd1 Bd5 27. e4 Bxe4 28. Rxd8+ Qxd8 29. Qe3 Qd3 30. Qc5 Rxc5 0-1

[Event "EUCC Open Blitz 2024"]
[Site "Miskolc"]
[Date "2024.07.13"]
[Round "1.3"]
[White "Muha, Miljenko"]
[Black "Kruckenhauser, Arthur"]
[Result "0-1"]
[ECO "A36"]
[WhiteElo "2245"]
[BlackElo "2340"]
[PlyCount "138"]
[EventDate "2024.07.08"]
[EventType "team-tourn"]
[EventCountry "HUN"]
[TimeControl "1500+10"]

1. c4 c5 2. Nc3 Nc6 3. g3 g6 4. Bg2 Bg7 5. d3 e5 6. Nf3 Nge7 7. O-O d6 8. Ne1 Be6 9. Nc2 d5 10. cxd5 Nxd5 11. Ne3 Nb6 12. Bd2 O-O 13. Rc1 c4 14. dxc4 Nxc4 15. Nxc4 Bxc4 16. b3 Ba6 17. Re1 Rc8 18. Nd5 Re8 19. Bc3 Nd4 20. e3 Nb5 21. Bb4 Bf8 22. Rxc8 Qxc8 23. Nf6+ Kh8 24. Nxe8 Bxb4 25. Nf6 Bxe1 26. Qxe1 Kg7 27. Nd5 Qc2 28. Nb4 Qc3 29. Qxc3 Nxc3 30. Nxa6 bxa6 31. a4 a5 32. Kf1 Kf6 33. Ke1 Ke7 34. Kd2 Na2 35. Bd5 Nb4 36. Bc4 f6 37. h4 g5 38. Ke2 gxh4 39. gxh4 f5 40. f4 exf4 41. exf4 Nc6 42. Ke3 Kf6 43. Bb5 Ne7 44. Kd4 Ng6 45. Kc5 Nxh4 46. Bc4 Ng6 47. Kb5 h5 48. Kxa5 h4 49. b4 Nxf4 50. Ba6 h3 51. Bb7 Ne6 52. Ka6 f4 53. Kxa7 Nd4 54. b5 f3 55. Bxf3 Nxf3 56. b6 Ne5 57. b7 Nd7 58. a5 h2 59. b8=Q Nxb8 60. Kxb8 h1=Q 61. a6 Qb1+ 62. Ka8 Qe4+ 63. Kb8 Qb4+ 64. Ka8 Qf8+ 65. Kb7 Qe7+ 66. Kb6 Qd8+ 67. Kb7 Qd7+ 68. Kb8 Qb5+ 69. Ka7 Ke5 0-1

[Event "EUCC Open Blitz 2024"]
[Site "Miskolc"]
[Date "2024.07.13"]
[Round "1.4"]
[White "Leisch, Lukas"]
[Black "Pavic, Filip"]
[Result "0-1"]
[ECO "A36"]
[WhiteElo "2394"]
[BlackElo "2248"]
[PlyCount "96"]
[EventDate "2024.07.08"]
[EventType "team-tourn"]
[EventCountry "HUN"]
[TimeControl "1500+10"]

1. c4 c5 2. g3 Nc6 3. Bg2 g6 4. Nc3 Bg7 5. d3 d6 6. Qd2 Bf5 7. b3 Nf6 8. Bb2 O-O 9. h3 Bd7 10. e3 e5 11. Nge2 Nh5 12. Ne4 Be6 13. g4 Nf6 14. N2c3 Nxe4 15. dxe4 Qd7 16. O-O-O Rfd8 17. Nd5 Rab8 18. f4 f5 19. exf5 gxf5 20. gxf5 Bxf5 21. e4 Be6 22. f5 Bxd5 23. exd5 Nd4 24. Bxd4 exd4 25. Be4 Re8 26. Qg2 Kh8 27. Rhg1 d3 28. Rxd3 Qf7 29. Rg3 Re7 30. Bb1 Rbe8 31. Qd2 Qf6 32. Rxg7 Rxg7 33. Rxg7 Qxg7 34. Bd3 Qa1+ 35. Bb1 Qe5 36. Qg5 Qe3+ 37. Qxe3 Rxe3 38. Kd2 Rxh3 39. Bc2 Kg7 40. a3 Kf6 41. b4 b6 42. bxc5 bxc5 43. a4 h5 44. Bd1 h4 45. Bc2 Rg3 46. Ke2 h3 47. Be4 h2 48. Kf2 Rg1 0-1

[Event "EUCC Open Blitz 2024"]
[Site "Miskolc"]
[Date "2024.07.13"]
[Round "1.5"]
[White "Isik, Alparslan"]
[Black "Houhou, Alexandre"]
[Result "*"]
[ECO "A07"]
[WhiteElo "2469"]
[BlackElo "2148"]
[PlyCount "23"]
[EventDate "2024.07.08"]
[EventType "team-tourn"]
[EventCountry "HUN"]
[TimeControl "1500+10"]

1. Nf3 d5 2. g3 Nd7 3. d4 Nb6 4. Bg2 Bf5 5. O-O e6 6. b3 h6 7. Bb2 Nf6 8. Nbd2 Be7 9. c4 c6 10. Ne5 O-O 11. Re1 a5 12. a3 *

[Event "EUCC Open Blitz 2024"]
[Site "Miskolc"]
[Date "2024.07.13"]
[Round "1.5"]
[White "Kamer, Kayra"]
[Black "Gatineau, Yovann"]
[Result "1-0"]
[ECO "A07"]
[WhiteElo "2316"]
[BlackElo "2414"]
[PlyCount "73"]
[EventDate "2024.07.08"]
[EventType "team-tourn"]
[EventCountry "HUN"]
[TimeControl "1500+10"]

1. Nf3 d5 2. g3 Nd7 3. d4 Nb6 4. Bg2 Bf5 5. O-O e6 6. b3 h6 7. Bb2 Nf6 8. Nbd2 Be7 9. c4 c6 10. Ne5 O-O 11. Re1 a5 12. a3 Bh7 13. Qc1 Re8 14. Bc3 a4 15. b4 dxc4 16. Ndxc4 Nxc4 17. Nxc4 Be4 18. f3 Bg6 19. e4 Nd7 20. Qe3 Qc7 21. Rad1 Bf6 22. Kh1 Rad8 23. Qc1 e5 24. f4 exd4 25. Bxd4 Bxd4 26. Rxd4 Nf6 27. Rxd8 Rxd8 28. f5 Bh7 29. e5 Ng4 30. Qf4 h5 31. h3 Nh6 32. f6 Qd7 33. Qg5 Nf5 34. g4 hxg4 35. hxg4 Ng3+ 36. Kh2 g6 37. Qh6 1-0

[Event "EUCC Open Blitz 2024"]
[Site "Miskolc"]
[Date "2024.07.13"]
[Round "1.6"]
[White "Houhou, Alexandre"]
[Black "Isik, Alparslan"]
[Result "*"]
[ECO "B29"]
[WhiteElo "2148"]
[BlackElo "2469"]
[PlyCount "112"]
[EventDate "2024.07.08"]
[EventType "team-tourn"]
[EventCountry "HUN"]
[TimeControl "1500+10"]

1. e4 c5 2. Nf3 Nf6 3. e5 Nd5 4. Nc3 e6 5. Ne4 f5 6. exf6 Nxf6 7. Nc3 Nc6 8. d3 d5 9. g3 Bd6 10. Bg5 O-O 11. Bg2 h6 12. Bd2 Qe8 13. Qe2 Qh5 14. h3 a6 15. g4 Qg6 16. Nh4 Qf7 17. Nf3 Nd4 18. Nxd4 cxd4 19. Nd1 e5 20. c3 dxc3 21. Nxc3 Be6 22. O-O g5 23. Rac1 Rac8 24. Rfe1 Nd7 25. Na4 b5 26. Nc3 Bc5 27. Nd1 Bd6 28. Nc3 Rc7 29. a3 Rfc8 30. Kh1 Bc5 31. Rf1 Bd4 32. Qe1 Nf8 33. Qe2 Ng6 34. Be3 Re8 35. Qd2 Ba7 36. Bxa7 Rxa7 37. Qe3 Rae7 38. Qd2 Rd7 39. Ne2 Nf4 40. Nxf4 gxf4 41. Bf3 h5 42. gxh5 Bxh3 43. Rg1+ Kh8 44. Rg6 Bf5 45. Rg5 Rg8 46. Rcg1 Rxg5 47. Rxg5 Qf6 48. Rg2 Rg7 49. Rxg7 Kxg7 50. Bg2 Kh6 51. Qe2 Be6 52. Kg1 Bf7 53. Bf3 Qg5+ 54. Kf1 e4 55. dxe4 d4 56. e5 Bc4 *

[Event "EUCC Open Blitz 2024"]
[Site "Miskolc"]
[Date "2024.07.13"]
[Round "1.7"]
[White "Farkas, Richard"]
[Black "Papp, Levente"]
[Result "0-1"]
[ECO "C01"]
[WhiteElo "2233"]
[BlackElo "2359"]
[PlyCount "110"]
[EventDate "2024.07.08"]
[EventType "team-tourn"]
[EventCountry "HUN"]
[TimeControl "1500+10"]

1. e4 e6 2. d4 d5 3. exd5 exd5 4. Nf3 Nf6 5. c4 Bb4+ 6. Nc3 O-O 7. Be2 dxc4 8. O-O Be6 9. Ng5 Qd7 10. Bf3 Bxc3 11. bxc3 c6 12. Nxe6 Qxe6 13. Re1 Qd6 14. Rb1 b5 15. Rxb5 cxb5 16. Bxa8 Nc6 17. Bxc6 Qxc6 18. Ba3 Re8 19. f3 Nd5 20. Qd2 h6 21. Bc5 a5 22. Kf2 Re6 23. Rxe6 Qxe6 24. g3 Qh3 25. Kg1 Qf5 26. Kf2 Kh7 27. Kg2 Qd3 28. Qe1 Nxc3 29. Qe8 Qe2+ 30. Qxe2 Nxe2 31. d5 c3 32. d6 c2 33. Be3 Nd4 34. d7 Nc6 35. Kf2 Kg6 36. Ke2 Kf6 37. Kd2 Ke7 38. Kxc2 Kxd7 39. Kc3 Ke6 40. Bc5 g6 41. h3 h5 42. Kd3 Kd5 43. Bf8 Ne5+ 44. Ke3 b4 45. Bg7 a4 46. f4 Nc4+ 47. Kd3 b3 48. axb3 axb3 49. g4 b2 50. Kc2 Ke4 51. f5 hxg4 52. fxg6 fxg6 53. hxg4 Kf4 54. Bc3 Kxg4 55. Be1 Kf3 0-1

[Event "EUCC Open Blitz 2024"]
[Site "Miskolc"]
[Date "2024.07.13"]
[Round "1.8"]
[White "Fodor, Balazs"]
[Black "Bartok, David Dominik"]
[Result "1-0"]
[ECO "E07"]
[WhiteElo "2247"]
[BlackElo "1958"]
[PlyCount "95"]
[EventDate "2024.07.08"]
[EventType "team-tourn"]
[EventCountry "HUN"]
[TimeControl "1500+10"]

1. d4 d5 2. c4 e6 3. Nf3 Nf6 4. g3 Nbd7 5. Bg2 c6 6. O-O Be7 7. Nc3 O-O 8. Qd3 b6 9. e4 dxe4 10. Nxe4 Nxe4 11. Qxe4 Bb7 12. Rd1 Qc8 13. Qe2 Nf6 14. Bf4 c5 15. d5 Rd8 16. dxe6 Qxe6 17. Qxe6 fxe6 18. Ng5 Bxg2 19. Kxg2 e5 20. Bxe5 Ng4 21. Nf3 Nxe5 22. Nxe5 Bf6 23. f4 Re8 24. Rd5 g5 25. Kf3 gxf4 26. gxf4 Bxe5 27. Rxe5 Red8 28. Rg1+ Kf8 29. Rh5 Rd7 30. Rgg5 Rg7 31. Rxg7 Kxg7 32. Rd5 Kg6 33. Kg4 Re8 34. Rd6+ Kf7 35. Rd7+ Kg8 36. Rxa7 Re2 37. b3 Rxh2 38. f5 Rg2+ 39. Kf3 Rg1 40. Ra6 Ra1 41. Rxb6 Rxa2 42. f6 Kf7 43. Ke4 Rf2 44. Rb7+ Kxf6 45. Rxh7 Rb2 46. Rb7 Ke6 47. Rb6+ Kd7 48. Kd5 1-0

[Event "EUCC Open Blitz 2024"]
[Site "Miskolc"]
[Date "2024.07.13"]
[Round "1.9"]
[White "Vardanyan, Aras"]
[Black "Medve, Mark"]
[Result "1-0"]
[ECO "A05"]
[WhiteElo "2312"]
[BlackElo "2123"]
[PlyCount "79"]
[EventDate "2024.07.08"]
[EventType "team-tourn"]
[EventCountry "HUN"]
[TimeControl "1500+10"]

1. Nf3 Nf6 2. g3 e6 3. Bg2 b6 4. O-O Bb7 5. d3 d5 6. Nbd2 c5 7. e4 Be7 8. Re1 Nc6 9. c3 O-O 10. e5 Nd7 11. d4 Rc8 12. a3 cxd4 13. cxd4 b5 14. h4 Qb6 15. Nf1 b4 16. Bg5 Bxg5 17. hxg5 bxa3 18. bxa3 Ba6 19. Ne3 Na5 20. Ng4 Rc3 21. Qd2 Rfc8 22. Nf6+ Nxf6 23. gxf6 h6 24. Qf4 Qd8 25. fxg7 Kxg7 26. Qg4+ Kh7 27. Qh5 Kg7 28. Bh3 Bd3 29. Kg2 Be4 30. Rxe4 dxe4 31. Qg4+ Kh7 32. Qxe4+ Kg7 33. Rh1 Rxf3 34. Qxf3 Qxd4 35. Qf6+ Kg8 36. Bxe6 Qe4+ 37. Kh2 Rf8 38. Bf5 Qe2 39. Kg2 Nc4 40. Bh7+ 1-0

[Event "EUCC Open Blitz 2024"]
[Site "Miskolc"]
[Date "2024.07.13"]
[Round "1.10"]
[White "Kovacs, Gabor Etele"]
[Black "Stauskas, Lukas"]
[Result "0-1"]
[ECO "B85"]
[WhiteElo "2109"]
[BlackElo "2362"]
[PlyCount "78"]
[EventDate "2024.07.08"]
[EventType "team-tourn"]
[EventCountry "HUN"]
[TimeControl "1500+10"]

1. e4 c5 2. Nf3 e6 3. d4 cxd4 4. Nxd4 Nc6 5. Nc3 Qc7 6. Be2 a6 7. Be3 Nf6 8. O-O d6 9. f4 Be7 10. Kh1 O-O 11. Bf3 Bd7 12. Nb3 b5 13. a3 Rac8 14. g4 Rfd8 15. g5 Ne8 16. Bg2 Na5 17. Nxa5 Qxa5 18. Qh5 b4 19. axb4 Qxb4 20. Rab1 Bc6 21. Rf3 g6 22. Qh4 Ng7 23. Rh3 h5 24. Qf2 Bb7 25. Bd4 Rc4 26. Bxg7 Kxg7 27. f5 exf5 28. exf5 Bxg5 29. fxg6 fxg6 30. Rg3 Bf4 31. Rf1 Rf8 32. Rd3 Rcc8 33. Kg1 Bxh2+ 34. Kxh2 Rxf2 35. Rxf2 Bxg2 36. Rxg2 Qxb2 37. Nd5 Rxc2 38. Rdg3 Rxg2+ 39. Rxg2 Qe5+ 0-1

[Event "EUCC Open Blitz 2024"]
[Site "Miskolc"]
[Date "2024.07.13"]
[Round "1.11"]
[White "Budak, Rewi"]
[Black "Gharibyan, Mamikon"]
[Result "0-1"]
[ECO "B23"]
[WhiteElo "2100"]
[BlackElo "2492"]
[PlyCount "92"]
[EventDate "2024.07.08"]
[EventType "team-tourn"]
[EventCountry "HUN"]
[TimeControl "1500+10"]

1. e4 c5 2. Nc3 Nc6 3. Nf3 e5 4. Bc4 Be7 5. O-O d6 6. d3 Nf6 7. Re1 h6 8. Nh4 a6 9. a3 b5 10. Ba2 Nd4 11. Nd5 Nxd5 12. Bxd5 Ra7 13. c3 Bxh4 14. cxd4 cxd4 15. Qf3 O-O 16. Bd2 Kh8 17. Rac1 f5 18. Rf1 fxe4 19. Qxe4 Bf5 20. Qf3 Bg6 21. Qh3 Rd7 22. Be6 Rc7 23. Ba5 Rxc1 24. Bxd8 Rxf1+ 25. Kxf1 Bxd8 26. Bc8 Bg5 27. Ke2 e4 28. Bxa6 exd3+ 29. Kd1 d2 30. Bxb5 Rxf2 31. Bd3 Bxd3 32. Qxd3 Rxg2 33. Qxd4 Rxh2 34. Qd5 Rf2 35. Qa8+ Kh7 36. Qe4+ Kg8 37. Qc4+ Kh8 38. a4 Rf8 39. a5 Re8 40. Qe2 Rc8 41. Qd3 Rc1+ 42. Ke2 Re1+ 43. Kf3 d1=Q+ 44. Qxd1 Rxd1 45. b4 Ra1 46. Ke4 Bd2 0-1

[Event "EUCC Open Blitz 2024"]
[Site "Miskolc"]
[Date "2024.07.13"]
[Round "1.12"]
[White "Manukyan, Artyom"]
[Black "Delpech, Anthony"]
[Result "1-0"]
[ECO "B23"]
[WhiteElo "2155"]
[BlackElo "1877"]
[PlyCount "53"]
[EventDate "2024.07.08"]
[EventType "team-tourn"]
[EventCountry "HUN"]
[TimeControl "1500+10"]

1. e4 c5 2. Nc3 Nc6 3. Bb5 g6 4. Bxc6 dxc6 5. d3 Bg7 6. f4 Nf6 7. Nf3 O-O 8. O-O b5 9. Qe1 b4 10. Ne2 c4 11. e5 Ng4 12. dxc4 Qb6+ 13. Kh1 Ba6 14. b3 Ne3 15. Bxe3 Qxe3 16. Ned4 Qxf4 17. Nxc6 Bb7 18. Nxe7+ Kh8 19. Nd5 Qg4 20. h3 Qh5 21. Qg3 Rad8 22. Rad1 Rfe8 23. Nf6 Bxf6 24. exf6 Be4 25. Rxd8 Rxd8 26. Ng5 Rd1 27. Qb8+ 1-0

[Event "EUCC Open Blitz 2024"]
[Site "Miskolc"]
[Date "2024.07.13"]
[Round "1.13"]
[White "Pribelszky, Bence"]
[Black "Jellema, Pieter"]
[Result "0-1"]
[ECO "A04"]
[WhiteElo "2363"]
[BlackElo "2006"]
[PlyCount "60"]
[EventDate "2024.07.08"]
[EventType "team-tourn"]
[EventCountry "HUN"]
[TimeControl "1500+10"]

1. Nf3 f5 2. d4 Nf6 3. e3 e6 4. Bd3 b6 5. O-O Bb7 6. Nbd2 Be7 7. Re1 Ne4 8. c4 O-O 9. Qc2 d5 10. b3 Nd7 11. Bb2 Rc8 12. Ne5 Nxe5 13. dxe5 Qe8 14. cxd5 exd5 15. a4 Bb4 16. Bxe4 fxe4 17. Bc3 Bxc3 18. Qxc3 Qf7 19. f4 exf3 20. Nxf3 Qg6 21. Kh1 c5 22. Rf1 d4 23. exd4 cxd4 24. Qxd4 Rc2 25. Rf2 h6 26. Re1 Rxf3 27. Rxc2 Qxc2 28. Qg4 Qf2 29. Rg1 Re3 30. e6 Re1 0-1

[Event "EUCC Open Blitz 2024"]
[Site "Miskolc"]
[Date "2024.07.13"]
[Round "1.14"]
[White "Broersma, Sven"]
[Black "Vodila, Martin Botond"]
[Result "0-1"]
[ECO "D90"]
[WhiteElo "1945"]
[BlackElo "2236"]
[PlyCount "44"]
[EventDate "2024.07.08"]
[EventType "team-tourn"]
[EventCountry "HUN"]
[TimeControl "1500+10"]

1. d4 Nf6 2. c4 g6 3. Nc3 d5 4. Nf3 Bg7 5. h4 dxc4 6. e4 Bg4 7. d5 c6 8. Bxc4 Nbd7 9. dxc6 bxc6 10. Qb3 Bxf3 11. Bxf7+ Kf8 12. gxf3 Ne5 13. Bc4 Rb8 14. Qa4 Nxf3+ 15. Kf1 Ne5 16. Bf4 Nh5 17. Rd1 Qb6 18. Bxe5 Bxe5 19. Bb3 Kg7 20. Qc4 Rhf8 21. Rd2 Rbd8 22. Re2 Ng3+ 0-1

[Event "EUCC Open Blitz 2024"]
[Site "Miskolc"]
[Date "2024.07.13"]
[Round "1.15"]
[White "Schiopu, Andreea-Alexandra"]
[Black "Safar, Sandro"]
[Result "0-1"]
[ECO "A96"]
[WhiteElo "1829"]
[BlackElo "2220"]
[PlyCount "66"]
[EventDate "2024.07.08"]
[EventType "team-tourn"]
[EventCountry "HUN"]
[TimeControl "1500+10"]

1. Nf3 f5 2. d4 Nf6 3. g3 e6 4. Bg2 d6 5. O-O Be7 6. c4 O-O 7. Nc3 Ne4 8. Qb3 a5 9. Qc2 Nxc3 10. Qxc3 Nc6 11. b3 Bf6 12. Bb2 e5 13. dxe5 dxe5 14. Qc2 Qe7 15. Rfd1 Be6 16. Ne1 e4 17. Bxf6 Qxf6 18. e3 a4 19. Rac1 axb3 20. axb3 Ra3 21. Qc3 Qxc3 22. Rxc3 Nb4 23. Rdc1 Na2 24. Ra1 Rfa8 25. Rc2 Nb4 26. Rxa3 Rxa3 27. Rc3 Kf7 28. Bf1 c5 29. Be2 Ra1 30. Kf1 g5 31. Bh5+ Ke7 32. Be2 f4 33. gxf4 Bh3+ 0-1

[Event "EUCC Open Blitz 2024"]
[Site "Miskolc"]
[Date "2024.07.13"]
[Round "1.16"]
[White "Tomulic, Teo"]
[Black "Panait, Robert-Florentin"]
[Result "1-0"]
[ECO "B20"]
[WhiteElo "2346"]
[BlackElo "1696"]
[PlyCount "55"]
[EventDate "2024.07.08"]
[EventType "team-tourn"]
[EventCountry "HUN"]
[TimeControl "1500+10"]

1. e4 c5 2. b4 e6 3. bxc5 Bxc5 4. d4 Bb6 5. c3 Nc6 6. Bd3 d6 7. f4 Bd7 8. Nf3 Nge7 9. Qe2 O-O 10. Be3 Rc8 11. O-O f5 12. exf5 Nxf5 13. Bf2 Qe8 14. Nbd2 e5 15. fxe5 dxe5 16. dxe5 Bxf2+ 17. Rxf2 Be6 18. Ng5 Bd5 19. Bxf5 Nxe5 20. Bxc8 Rxf2 21. Qxf2 Qxc8 22. Qd4 Qc6 23. Qxe5 Qc5+ 24. Qd4 Qc6 25. Ngf3 a6 26. Re1 h6 27. Re7 Bxa2 28. Qxg7# 1-0

[Event "EUCC Open Blitz 2024"]
[Site "Miskolc"]
[Date "2024.07.13"]
[Round "2.1"]
[White "Gharibyan, Mamikon"]
[Black "Manafov, Vugar"]
[Result "1/2-1/2"]
[ECO "A46"]
[WhiteElo "2492"]
[BlackElo "2430"]
[PlyCount "125"]
[EventDate "2024.07.08"]
[EventType "team-tourn"]
[EventCountry "HUN"]
[TimeControl "1500+10"]

1. d4 Nf6 2. Nf3 e6 3. Bf4 Bd6 4. Bg5 Be7 5. c3 h6 6. Bh4 O-O 7. Nbd2 d6 8. e3 Nbd7 9. h3 e5 10. Qc2 Re8 11. a4 a5 12. Rd1 Bf8 13. dxe5 dxe5 14. Nc4 Qe7 15. Be2 b6 16. Bg3 Qc5 17. O-O Ba6 18. Nfd2 Rad8 19. Rfe1 Qe7 20. Nb3 Qe6 21. Ncd2 Bxe2 22. Rxe2 Nc5 23. Nxc5 Bxc5 24. Ree1 Bf8 25. b3 Nd7 26. Nc4 f6 27. e4 Nc5 28. f3 Qf7 29. Bf2 Ne6 30. Ne3 Bc5 31. Nf5 Bxf2+ 32. Qxf2 Kh7 33. Kh2 Nf4 34. Qc2 Qg8 35. Ne3 Rxd1 36. Rxd1 Rd8 37. c4 Qf8 38. Nd5 Qd6 39. Nc3 Qe7 40. Nd5 Qd6 41. Ne3 Qf8 42. Qb1 Kh8 43. h4 Rd4 44. Nf5 Rd8 45. Ne3 Rd4 46. Nf5 Rd8 47. Qc2 h5 48. Ne3 Ne6 49. Nd5 Nd4 50. Qb1 c6 51. Ne3 Qe7 52. Kh3 Qd7+ 53. Kh2 Qe7 54. Rd3 f5 55. Nxf5 Nxf5 56. exf5 Qxh4+ 57. Kg1 Rxd3 58. Qxd3 Qe1+ 59. Kh2 Qh4+ 60. Kg1 Qe1+ 61. Kh2 Qh4+ 62. Kg1 Qe1+ 63. Kh2 1/2-1/2

[Event "EUCC Open Blitz 2024"]
[Site "Miskolc"]
[Date "2024.07.13"]
[Round "2.3"]
[White "Safar, Sandro"]
[Black "Isik, Alparslan"]
[Result "0-1"]
[ECO "B23"]
[WhiteElo "2220"]
[BlackElo "2469"]
[PlyCount "126"]
[EventDate "2024.07.08"]
[EventType "team-tourn"]
[EventCountry "HUN"]
[TimeControl "1500+10"]

1. e4 c5 2. Nc3 Nc6 3. f4 g6 4. Nf3 Bg7 5. d3 e6 6. g3 Nge7 7. Bg2 O-O 8. O-O d6 9. Ne2 b5 10. c3 b4 11. d4 bxc3 12. bxc3 cxd4 13. cxd4 Ba6 14. Be3 Qa5 15. e5 dxe5 16. Nxe5 Nxe5 17. Bxa8 Nc4 18. Qe1 Qxe1 19. Rfxe1 Rxa8 20. Bf2 Nd2 21. Kg2 Ne4 22. Bg1 Rb8 23. Nc1 Rb2+ 24. Kh3 Nf2+ 25. Bxf2 Rxf2 26. Nb3 Nf5 27. Rac1 Bb7 28. Rg1 h5 29. Rc3 Bd5 30. g4 hxg4+ 31. Rxg4 Bf6 32. Rg1 Kg7 33. Rd3 Be4 34. Rc3 Rxa2 35. Nc5 Bxd4 36. Nxe4 Bxg1 37. Rc7 Rxh2+ 38. Kg4 Rh4+ 39. Kf3 Bb6 40. Rd7 Rh5 41. Kg4 Nh6+ 42. Kf3 Rf5 43. Nd6 Kf8 44. Nc8 g5 45. Rb7 Rxf4+ 46. Kg3 Nf5+ 47. Kg2 g4 48. Rb8 Kg7 49. Nxb6 axb6 50. Rxb6 Rf3 51. Rb4 Kf6 52. Ra4 Nh4+ 53. Kh2 Kg5 54. Ra8 Rf2+ 55. Kg1 Rb2 56. Kh1 f5 57. Rh8 Kf4 58. Ra8 e5 59. Ra3 e4 60. Kg1 g3 61. Kf1 Rf2+ 62. Ke1 Nf3+ 63. Kd1 g2 0-1

[Event "EUCC Open Blitz 2024"]
[Site "Miskolc"]
[Date "2024.07.13"]
[Round "2.4"]
[White "Kamer, Kayra"]
[Black "Tomulic, Teo"]
[Result "1/2-1/2"]
[ECO "B92"]
[WhiteElo "2316"]
[BlackElo "2346"]
[PlyCount "185"]
[EventDate "2024.07.08"]
[EventType "team-tourn"]
[EventCountry "HUN"]
[TimeControl "1500+10"]

1. e4 c5 2. Nf3 d6 3. d4 Nf6 4. Nc3 cxd4 5. Nxd4 a6 6. Be2 e5 7. Nb3 Be7 8. Be3 Be6 9. Nd5 Nxd5 10. exd5 Bf5 11. Qd2 Nd7 12. c4 Rc8 13. Na5 Qc7 14. b4 O-O 15. O-O Bg6 16. Rac1 Qb8 17. f4 exf4 18. Bxf4 Ne5 19. Nb3 Rfd8 20. Kh1 Bf6 21. c5 Qc7 22. Bxe5 Bxe5 23. Bg4 Rb8 24. Bf3 Qe7 25. c6 bxc6 26. dxc6 Rbc8 27. Bd5 Qh4 28. g3 Be4+ 29. Bxe4 Qxe4+ 30. Qg2 Qxb4 31. Qd5 Rf8 32. Rf2 Rc7 33. Rfc2 h5 34. Rc4 Qa3 35. Qd2 g6 36. Qd5 Qxa2 37. Nd4 Qd2 38. R1c2 Qe1+ 39. Kg2 Rb8 40. Nf3 Qe3 41. Re4 Qb3 42. Qxb3 Rxb3 43. Nxe5 dxe5 44. Rxe5 Rb6 45. Rec5 Kg7 46. Kf3 Kf6 47. Ke4 Ke6 48. R2c4 Kd6 49. Rd5+ Ke6 50. Re5+ Kf6 51. Rec5 a5 52. h3 a4 53. Rxa4 Rbxc6 54. Rxc6+ Rxc6 55. Kf3 Rc3+ 56. Kg2 Rc5 57. Rb4 Ke5 58. Rb6 f6 59. Ra6 Rc2+ 60. Kf3 Rc3+ 61. Kg2 Kf5 62. Ra5+ Ke4 63. Ra4+ Ke3 64. Rf4 Rc2+ 65. Kg1 Rc1+ 66. Kg2 Rc2+ 67. Kg1 Rc6 68. Kg2 g5 69. Rf3+ Ke4 70. Rf2 Kd3 71. Rf3+ Ke4 72. Rf2 f5 73. Re2+ Kd4 74. Re8 Rc2+ 75. Kf3 Rc3+ 76. Kf2 Rc2+ 77. Kf3 g4+ 78. hxg4 hxg4+ 79. Kf4 Rf2+ 80. Kg5 Rf3 81. Kh4 Re3 82. Rf8 Ke4 83. Re8+ Kf3 84. Ra8 Rb3 85. Ra5 Kg2 86. Rxf5 Rxg3 87. Rf4 Rh3+ 88. Kxg4 Rh8 89. Kf5 Rf8+ 90. Ke5 Re8+ 91. Kd4 Rd8+ 92. Kc3 Kg3 93. Rc4 1/2-1/2

[Event "EUCC Open Blitz 2024"]
[Site "Miskolc"]
[Date "2024.07.13"]
[Round "2.5"]
[White "Papp, Levente"]
[Black "Vardanyan, Aras"]
[Result "0-1"]
[ECO "A36"]
[WhiteElo "2359"]
[BlackElo "2312"]
[PlyCount "104"]
[EventDate "2024.07.08"]
[EventType "team-tourn"]
[EventCountry "HUN"]
[TimeControl "1500+10"]

1. c4 g6 2. g3 Bg7 3. Bg2 c5 4. Nc3 Nc6 5. e4 Nf6 6. Nge2 O-O 7. O-O d6 8. d3 Rb8 9. Rb1 a6 10. a3 Bg4 11. b4 Bxe2 12. Nxe2 b5 13. cxb5 axb5 14. Be3 Ng4 15. Bd2 Nge5 16. Be3 c4 17. d4 Nd3 18. e5 Qd7 19. f4 dxe5 20. fxe5 e6 21. Be4 Ra8 22. Ra1 Ra6 23. Qc2 Rfa8 24. Qc3 R8a7 25. Bxd3 cxd3 26. Nf4 Ne7 27. Qxd3 Nd5 28. Bd2 Nxf4 29. Bxf4 Qd5 30. Rfc1 Bf8 31. Rc8 Ra8 32. Rc7 Rd8 33. Rf1 Rd7 34. Rc8 Rd8 35. Rc7 Rd7 36. Rxd7 Qxd7 37. Bc1 Ra8 38. Rd1 Rc8 39. Bb2 Qd5 40. Rf1 Bg7 41. Qf3 Qd7 42. Qd3 Bxe5 43. Qe3 Bg7 44. Qf3 h5 45. Qe4 Rc4 46. Qa8+ Kh7 47. Kh1 Bxd4 48. Bxd4 Rxd4 49. Qf8 f5 50. Qc5 Qd5+ 51. Qxd5 Rxd5 52. Rc1 Rd3 0-1

[Event "EUCC Open Blitz 2024"]
[Site "Miskolc"]
[Date "2024.07.13"]
[Round "2.6"]
[White "Stauskas, Lukas"]
[Black "Fodor, Balazs"]
[Result "1-0"]
[ECO "A01"]
[WhiteElo "2362"]
[BlackElo "2247"]
[PlyCount "129"]
[EventDate "2024.07.08"]
[EventType "team-tourn"]
[EventCountry "HUN"]
[TimeControl "1500+10"]

1. b3 Nf6 2. Bb2 g6 3. Bxf6 exf6 4. c4 f5 5. Nc3 Bg7 6. g3 O-O 7. Bg2 d6 8. e3 c6 9. Nge2 Qe7 10. d4 Nd7 11. O-O Nf6 12. Qd3 Re8 13. Rab1 a5 14. a3 h5 15. h4 Ne4 16. b4 axb4 17. axb4 Bh6 18. Rb3 Bd7 19. b5 c5 20. Nd5 Qd8 21. Nef4 Bxf4 22. Nxf4 Be6 23. Qc2 Qa5 24. Bxe4 fxe4 25. Nxe6 Rxe6 26. dxc5 dxc5 27. Rd1 b6 28. Qb2 Qa2 29. Rd8+ Rxd8 30. Qxa2 Kh7 31. Qa7 Kg7 32. Qb7 Rd1+ 33. Kg2 Rd2 34. Rb1 Rf6 35. Rf1 Re6 36. Kg1 Rc2 37. Qd5 Kh7 38. Ra1 Rf6 39. Rf1 Re6 40. Rd1 Rf6 41. Rd2 Rc1+ 42. Kg2 Re6 43. Qd7 Kg7 44. Rd6 Re5 45. Rd5 Re6 46. Rd6 Re5 47. Rxb6 Rf5 48. Qd2 Rxc4 49. Rd6 Rb4 50. b6 Rb5 51. Rd5 c4 52. Rxf5 gxf5 53. Qd4+ Kg6 54. Qd6+ f6 55. Qc6 Rb2 56. b7 c3 57. Qc8 c2 58. Qxc2 Rxb7 59. Qc8 Rg7 60. Qe8+ Kh6 61. Qf8 Kg6 62. Kf1 Rf7 63. Qe8 Kg7 64. Ke2 Rc7 65. Qxh5 1-0

[Event "EUCC Open Blitz 2024"]
[Site "Miskolc"]
[Date "2024.07.13"]
[Round "2.7"]
[White "Kruckenhauser, Arthur"]
[Black "Spanjer, Joris"]
[Result "1-0"]
[ECO "C47"]
[WhiteElo "2340"]
[BlackElo "1855"]
[PlyCount "53"]
[EventDate "2024.07.08"]
[EventType "team-tourn"]
[EventCountry "HUN"]
[TimeControl "1500+10"]

1. e4 e5 2. Nf3 Nc6 3. Nc3 Nf6 4. a3 d6 5. d4 exd4 6. Nxd4 Be7 7. Nxc6 bxc6 8. Bd3 O-O 9. O-O Bg4 10. Qe1 Bh5 11. h3 Nd7 12. f4 h6 13. Be3 Bf6 14. Rb1 Re8 15. Qf2 Bg6 16. Rfe1 Nb6 17. Qf3 c5 18. Bf2 Bd4 19. Bb5 Re7 20. Bc6 Rb8 21. Bxd4 cxd4 22. Nb5 f5 23. exf5 Bxf5 24. Nxd4 Bd7 25. Bxd7 Qxd7 26. Rxe7 Qxe7 27. Nc6 1-0